 Dungeon Crawl Stone Soup version 0.22-a0-113-gdd6f4a9 (webtiles) character file.

613 sankara the Covert (level 7, -10/49 HPs)
             Began as a Vampire Assassin on Jan 28, 2018.
             Mangled by a spriggan (shapeshifter) (12 damage)
             ... on level 5 of the Dungeon.
             The game lasted 00:25:51 (7385 turns).

sankara the Covert (Vampire Assassin)               Turns: 7385, Time: 00:25:52

Health: -10/49     AC:  5    Str: 10    XL:     7   Next: 20%
Magic:  7/7        EV: 12    Int: 13    God:
Gold:   186        SH:  0    Dex: 18    Spells: 6/6 levels left

rFire    . . .     SeeInvis +   c - +0 blowgun
rCold    + + .     Gourm    .   (no shield)
rNeg     + + +     Faith    .   r - +0 robe
rPois    ∞         Spirit   .   (helmet restricted)
rElec    .         Reflect  .   g - +0 cloak
rCorr    .         Harm     .   o - +0 pair of gloves
MR       .....                  h - +1 pair of boots
Stlth    ++++++....             (no amulet)
HPRegen  0.00/turn              (no ring)
MPRegen  0.10/turn              (no ring)

@: bloodless, non-regenerating
A: antennae 1, fangs 3, see invisible, deformed body, screaming 1, unbreathing
a: Bat Form


You were on level 5 of the Dungeon.
You were bloodless.

You visited 1 branch of the dungeon, and saw 5 of its levels.

You collected 186 gold pieces.

Inventory:

Hand Weapons
 a - a +3 dagger
 b - a +0 hunting sling
 c - a +0 blowgun (weapon)
 x - a cursed +0 falchion
Missiles
 e - 38 poisoned needles (quivered)
 f - 2 curare-tipped needles
 j - 4 needles of sleeping
 m - 151 stones
 v - a throwing net
Armour
 g - a +0 cloak (worn)
 h - a +1 pair of boots (worn)
 o - a +0 pair of gloves (worn)
 r - a +0 robe (worn)
Scrolls
 i - a scroll of fear
 n - 3 scrolls of identify
 q - 4 scrolls of remove curse
 s - a scroll of blinking {unknown}
 u - 2 scrolls of teleportation {unknown}
Potions
 k - 2 potions of haste
 l - a potion of resistance
 p - a potion of flight
 t - a potion of ambrosia {unknown}


   Skills:
 - Level 1.7 Fighting
 - Level 2.1(3.7) Short Blades
 * Level 4.2(4.4) Long Blades
 + Level 4.1 Throwing
 - Level 1.1 Dodging
 - Level 9.0 Stealth


You had 6 spell levels left.
You didn't know any spells.

Dungeon Overview and Level Annotations

Branches:
Dungeon (5/15)
 Temple: D:4-7

Altars:
Gozag
Ru
Yredelemnul

Annotations:
D:4 galech's ghost, amateur TrMo


Innate Abilities, Weirdness & Mutations

You do not heal naturally.
You are immune to poison.
You have razor-sharp teeth.
You have supernaturally acute eyesight. (SInv)
You can survive without breathing.
You have a pair of small antennae on your head.
Armour fits poorly on your strangely shaped body.
You occasionally shout uncontrollably at your foes.


Message History

You shoot a poisoned needle.
The poisoned needle completely misses the spriggan.
The spriggan closely misses you.
Firing (i - inventory. (,) - cycle):
e - 40 poisoned needles (quivered)
Press: ? - help, Shift-Dir - straight line, f/p - spriggan
Aim: a spriggan shaped shifter (lightly wounded, poisoned)
You shoot a poisoned needle.
The poisoned needle barely misses the spriggan.
The spriggan hits you!
* * * LOW HITPOINT WARNING * * *
Firing (i - inventory. (,) - cycle):
e - 39 poisoned needles (quivered)
Press: ? - help, Shift-Dir - straight line, f/p - spriggan
Aim: a spriggan shaped shifter (lightly wounded, poisoned)
You shoot a poisoned needle. The poisoned needle hits the spriggan.
The spriggan looks even sicker.
The spriggan is lightly wounded.
The spriggan closely misses you. The spriggan misses you.
The spriggan hits you!
You die...

#.# ##..### #.#####..#
## ###.......#
##.##.........#
.......#.####.##
##.##....# #.# ##
##.#.####.#######
.<..###........(.....#
..........####@###
##.###.### #i# #.# #.#
.#.###.######.#
.............#.#
....##>.####..#.......
## #..# #(#.####...
#..# #.### #..# #.#


You could see a spriggan shaped shifter.

Vanquished Creatures
  Grinder (D:4)
  A phantom (D:3)
  A scorpion (D:3)
  A water moccasin skeleton (D:4)
  Terence (D:2)
  Natasha (thrice) (D:2)
  A gnoll (D:1)
  7 adders
  2 oozes
  A worm (D:2)
  3 dart slugs
  An orc (D:3)
  A ball python (D:3)
  6 bats
  4 giant cockroaches
  8 goblins
  11 hobgoblins
  8 jackals (D:3)
  5 quokkas
  2 frilled lizards (D:1)
  5 kobolds
  A quokka skeleton (D:4)
  10 rats
84 creatures vanquished.

Notes
Turn   | Place    | Note
-------+----------+-------------------------------------------
     0 | D:1      | sankara the Vampire Assassin began the quest for the Orb.
     0 | D:1      | Reached XP level 1. HP: 16/16 MP: 1/1
    50 | D:1      | Reached skill level 6 in Stealth
   249 | D:1      | Reached XP level 2. HP: 8/22 MP: 2/2
  1028 | D:1      | Reached XP level 3. HP: 27/27 MP: 3/3
  1280 | D:2      | Noticed Terence
  1332 | D:2      | Killed Terence
  1332 | D:2      | Reached skill level 7 in Stealth
  1380 | D:2      | Reached XP level 4. HP: 31/33 MP: 4/4
  1886 | D:2      | HP: 1/33 [iguana (10)]
  2571 | D:2      | Noticed Natasha
  2579 | D:2      | Killed Natasha
  2596 | D:2      | Reached skill level 8 in Stealth
  2706 | D:2      | You fall through a shaft for 2 floors!
  2725 | D:4      | Noticed Grinder
  2762 | D:3      | Reached XP level 5. HP: 38/38 MP: 5/5
  2776 | D:2      | Noticed Natasha
  2815 | D:2      | Killed Natasha
  3034 | D:2      | Noticed Natasha
  3070 | D:2      | Gained mutation: Armour fits poorly on your strangely shaped body. [potion of mutation]
  3070 | D:2      | Gained mutation: You occasionally shout uncontrollably at your foes. [potion of mutation]
  3070 | D:2      | Gained mutation: You have a pair of small antennae on your head. [potion of mutation]
  3073 | D:2      | Killed Natasha
  3073 | D:2      | Reached skill level 1 in Long Blades
  4166 | D:3      | Found a sacrificial altar of Ru.
  4168 | D:3      | Found a basalt altar of Yredelemnul.
  4207 | D:3      | Reached XP level 6. HP: 44/44 MP: 6/6
  4729 | D:4      | Paralysed by Grinder for 3 turns
  4731 | D:4      | Killed Grinder
  4731 | D:4      | Reached skill level 9 in Stealth
  5121 | D:4      | Noticed galech's ghost (amateur TrMo)
  6007 | D:3      | Reached XP level 7. HP: 12/49 MP: 7/7
  7241 | D:4      | Found an opulent altar of Gozag.
  7331 | D:5      | Entered Level 5 of the Dungeon
  7368 | D:5      | Noticed a human
  7368 | D:5      | a sky beast changed into a human
  7369 | D:5      | Noticed a shapeshifter
  7369 | D:5      | a human changed into a shapeshifter
  7370 | D:5      | Noticed a hog
  7370 | D:5      | a shapeshifter changed into a hog
  7371 | D:5      | Noticed a shapeshifter
  7371 | D:5      | a hog changed into a shapeshifter
  7371 | D:5      | Noticed a basilisk
  7371 | D:5      | a shapeshifter changed into a basilisk
  7372 | D:5      | Noticed a shapeshifter
  7372 | D:5      | a basilisk changed into a shapeshifter
  7372 | D:5      | Noticed a polar bear
  7372 | D:5      | a shapeshifter changed into a polar bear
  7373 | D:5      | Noticed a shapeshifter
  7373 | D:5      | a polar bear changed into a shapeshifter
  7373 | D:5      | Noticed a hornet
  7373 | D:5      | a shapeshifter changed into a hornet
  7374 | D:5      | Noticed a shapeshifter
  7374 | D:5      | a hornet changed into a shapeshifter
  7374 | D:5      | Noticed a troll
  7374 | D:5      | a shapeshifter changed into a troll
  7375 | D:5      | Noticed a shapeshifter
  7375 | D:5      | a troll changed into a shapeshifter
  7375 | D:5      | Noticed a tarantella
  7375 | D:5      | a shapeshifter changed into a tarantella
  7376 | D:5      | Noticed a shapeshifter
  7376 | D:5      | a tarantella changed into a shapeshifter
  7376 | D:5      | Noticed a spriggan
  7376 | D:5      | a shapeshifter changed into a spriggan
  7379 | D:5      | HP: 2/49 [spriggan (shapeshifter) (10)]
  7385 | D:5      | Mangled by a spriggan (shapeshifter)

Vault maps used:
D:1:      erik_arrival_triangle_large
D:2:      uniq_terence, uniq_natasha
D:3:      nicolae_overflow_hidden_temple
D:4:      first_ration, nicolae_gozag_cash_rules_everything_around_me,
          uniq_grinder
D:5:      minmay_temple_entry_nine_rooms

Skill      XL: |  1  2  3  4  5  6  7 |
---------------+----------------------+-----
Stealth        | 6 7 8 9 |  9.0
Throwing       | 2 3 4 |  4.1
Long Blades    | 2 3 4 |  4.2
Fighting       | |  1.7
Short Blades   | |  2.1
Dodging        | |  1.1

Action                   |  1- 3 |  4- 6 |  7- 9 || total
-------------------------+-------+-------+-------++-------
Melee: Dagger            |    71 |   195 |    16 ||   282
       Bite              |     5 |    23 |     3 ||    31
 Fire: Blowgun           |     1 |    22 |     9 ||    32
       Hunting sling     |       |    26 |       ||    26
Throw: Stone             |       |     1 |       ||     1
Evoke: Wand              |       |       |    10 ||    10
  Use: Potion            |       |    16 |     2 ||    18
       Scroll            |       |     4 |       ||     4
 Stab: Sleeping          |    13 |    12 |       ||    25
Armor: Robe              |    10 |    36 |       ||    46
Dodge: Dodged            |    27 |    89 |    12 ||   128

Table legend:
 A = Spawn XP
 B = Non-spawn XP
 C = Spawn XP percentage of total XP
 D = Spawn monster count
 E = Non-spawn monster count
 F = Spawn count percentage of total count
 G = Total turns spent on level
                    A         B        C        D         E        F      G
               +---------+---------+-------+---------+---------+-------+---------
         Total |       0 |     876 |   0.0 |       0 |      84 |   0.0 |  7385
               +---------+---------+-------+---------+---------+-------+---------
           D:1 |       0 |      50 |   0.0 |       0 |      25 |   0.0 |  1898
           D:2 |       0 |     224 |   0.0 |       0 |      25 |   0.0 |  1691
           D:3 |       0 |     282 |   0.0 |       0 |      30 |   0.0 |  2519
           D:4 |       0 |     320 |   0.0 |       0 |       4 |   0.0 |  1223
               +---------+---------+-------+---------+---------+-------+---------
